 Dungeon Crawl Stone Soup version 0.24.0-13-gcf9b319 (webtiles) character file.

Game seed: 8960638407759043912, levelgen mode: deterministic

62 Birdy the Bolt Thrower (level 3, -6/30 HPs)
             Began as a Draconian Hunter on Dec 8, 2019.
             Killed from afar by Terence (8 damage)
             ... with a puff of flame
             ... on level 2 of the Dungeon.
             The game lasted 00:03:25 (1182 turns).

Birdy the Bolt Thrower (Draconian Hunter)           Turns: 1182, Time: 00:03:26

Health: -6/30      AC:  6    Str: 15    XL:     3   Next: 85%
Magic:  3/3        EV: 12    Int: 11    God:
Gold:   112        SH:  0    Dex: 11    Spells: 2/2 levels left

rFire    . . .     SeeInvis .   b - +0 short sword
rCold    . . .     Gourm    .   (no shield)
rNeg     . . .     Faith    .   (armour unavailable)
rPois    .         Spirit   .   (helmet restricted)
rElec    .         Reflect  .   e - +0 cloak
rCorr    .         Harm     .   (no gloves)
MR       .....                  (no boots)
Stlth    +.........             (no amulet)
HPRegen  0.10/turn              (no ring)
MPRegen  0.08/turn              (no ring)

@: no status effects
A: unfitting armour, cold-blooded, AC +5
a: no special abilities


You were on level 2 of the Dungeon.
You were hungry.

You visited 1 branch of the dungeon, and saw 2 of its levels.

You collected 112 gold pieces.

Inventory:

Hand Weapons
 a - a +2 hand crossbow
 b - a +0 short sword (weapon)
Missiles
 c - 10 bolts
Armour
 e - a +0 cloak (worn)
Jewellery
 i - an uncursed ring of resist corrosion {unknown}
Scrolls
 g - a scroll of magic mapping
Comestibles
 d - 5 rations


   Skills:
 + Level 2.7 Fighting
 * Level 4.1 Crossbows
 + Level 2.2 Dodging
 - Level 0.8 Stealth
 * Level 1.9 Unarmed Combat


You had 2 spell levels left.
You didn't know any spells.
Your spell library was empty.

Dungeon Overview and Level Annotations

Branches:
Dungeon (2/15)

Altars:

Annotations:
D:2 Terence


Innate Abilities, Weirdness & Mutations

Your plain brown scales are hard. (AC +5)
You cannot fit into any form of body armour.
You are cold-blooded and may be slowed by cold attacks.


Message History

You tail-slap Terence, but do no damage.
Terence is severely wounded.
Terence hits you with a +0 flail.
* * * LOW HITPOINT WARNING * * *
Press: ? - help, v - describe, . - travel
Here: Terence, wielding a +0 flail, wearing a +0 chain mail and carrying a wand of flame (3) (severely wounded)
The floor.
You hit Terence but do no damage.
Terence is severely wounded.
Terence hits you with a +0 flail.
* * * LOW HITPOINT WARNING * * *
You barely miss Terence.
Terence is severely wounded.
Terence completely misses you.
You aren't carrying any potions.
Okay, then.
You completely miss Terence.
Terence is severely wounded.
Terence zaps a wand.
The puff of flame hits you!
You die...

#....#.)...#
###.##.##.## ## #
##.##.##.# .( .#
#..#..#..# .###.##
##.##.##.##(......
#..#..#..#(....
#.##.##.##...
##.##.##.#@#
#†††..#..@.#
##########.# .# .#
.# .# .) ..


You could see Terence.

Vanquished Creatures
  An adder (D:2)
  3 dart slugs (D:1)
  2 leopard geckos (D:1)
  7 bats
  A giant cockroach (D:1)
  4 goblins (D:1)
  9 hobgoblins
  3 jackals (D:1)
  6 kobolds (D:1)
  5 frilled lizards
  A rat (D:1)
42 creatures vanquished.

Notes
Turn   | Place    | Note
-------+----------+-------------------------------------------
     0 | D:1      | Birdy the Draconian Hunter began the quest for the Orb.
     0 | D:1      | Reached XP level 1. HP: 17/17 MP: 1/1
    65 | D:1      | Reached XP level 2. HP: 25/25 MP: 2/2
   104 | D:1      | Reached skill level 1 in Unarmed Combat
   284 | D:1      | Reached XP level 3. HP: 30/30 MP: 3/3
   515 | D:1      | Reached skill level 4 in Crossbows
  1165 | D:2      | Noticed Terence
  1182 | D:2      | Killed from afar by Terence

Levels and vault maps discovered:
D:1:      scummos_arrival_simple_crosswalls, layout_basic,
          corexii_leaking_fountain, minmay_heptomino_d4
D:2:      minmay_angry_zag, layout_basic, nicolae_overflow_crystal_walls,
          grunt_decor_cap, uniq_terence, uniq_robin

Skill      XL: |  1  2  3 |
---------------+----------+-----
Unarmed Combat | 1 |  1.9
Dodging        | 2 |  2.2
Crossbows      | 4 |  4.1
Fighting       | |  2.7
Stealth        | |  0.8

Action                   || total
-------------------------++-------
Melee: Short sword       ||    70
       Tailslap          ||     9
 Fire: Hand crossbow     ||    56
  Use: Scroll            ||     5
       Potion            ||     3
Armor: Skin              ||    17
Dodge: Dodged            ||    58
